ESL (28 & UNDER)
KINGSTON IGUANAS @ BUTLER WHITE SOX
09/18/2028
 
TOP OF THE 1ST
Kingston Iguanas batting - Pitching for Butler White Sox : LHP Todd Anderson
Pitching: LHP Todd Anderson
Batting: RHB Manuel Gómez 0-0: Called Strike
0-1: Called Strike
0-2: Ball
1-2: SINGLE (Groundball, 4D)
Batting: SHB Devin Smith 0-0: Ball
Manuel Gómez steals 2nd base
1-0: Foul Ball, location: 2F
1-1: Ball
2-1: Ball
3-1: SINGLE (Popup, 34D)
Manuel Gómez to third
Batting: LHB Dusty Wilson 0-0: Ball
1-0: Ball
2-0: Swinging Strike
2-1: Ball
3-1: Foul Ball, location: 2F
3-2: Base on Balls
Devin Smith to second
Batting: RHB Tommy Davenport 0-0: Ball
1-0: Grounds into double play, 4-6-3 (Groundball, 4)
Manuel Gómez scores
Devin Smith to third
Batting: RHB Bob Lee 0-0: Foul Ball, location: 2F
0-1: Ball
1-1: Ball
2-1: Called Strike
2-2: Ball
3-2: Ground out 4-3 (Groundball, 4)
Top of the 1st over - 1 run(s), 2 hit(s), 0 error(s), 1 left on base; Kingston 1 - Butler 0
BOTTOM OF THE 1ST
Butler White Sox batting - Pitching for Kingston Iguanas : RHP Paço Boda
Pitching: RHP Paço Boda
Batting: LHB Kyle Robbins 0-0: Ball
1-0: Ball
2-0: Ball
3-0: Called Strike
3-1: Called Strike
3-2: Base on Balls
Batting: LHB Josh Pérez 0-0: Called Strike
0-1: Ball
1-1: Ground out U3 (Groundball, 3)
Kyle Robbins to second
Batting: RHB Tom Lang 0-0: Ball
1-0: Foul Ball, location: 2F
1-1: Ball
2-1: Called Strike
Kyle Robbins steals 3rd base
2-2: Ground out 1-3 (Groundball, P)
Batting: LHB Denny Allen 0-0: Ball
1-0: SINGLE (Groundball, 34S) (infield hit)
Kyle Robbins scores
Batting: RHB Bobby Murdock 0-0: Ball
1-0: Fly out, F4 (Line Drive, 4)
Bottom of the 1st over - 1 run(s), 1 hit(s), 0 error(s), 1 left on base; Kingston 1 - Butler 1
TOP OF THE 2ND
Kingston Iguanas batting - Pitching for Butler White Sox : LHP Todd Anderson
Batting: LHB Davey Casey 0-0: Called Strike
0-1: Called Strike
0-2: SOLO HOME RUN (Flyball, 9D), Distance : 371 ft
Batting: LHB Gustavo Gómez 0-0: Ball
1-0: Swinging Strike
1-1: Called Strike
1-2: Strikes out swinging
Batting: RHB Sergio Mata 0-0: Ball
1-0: Ground out 6-3 (Groundball, 6D)
Batting: SHB John Beach 0-0: Ball
1-0: Ball
2-0: Foul Ball, location: 2F
2-1: Foul Ball, location: 2F
2-2: Ball
3-2: Foul Ball, location: 2F
3-2: Ground out 4-3 (Groundball, 4M)
Top of the 2nd over - 1 run(s), 1 hit(s), 0 error(s), 0 left on base; Kingston 2 - Butler 1
BOTTOM OF THE 2ND
Butler White Sox batting - Pitching for Kingston Iguanas : RHP Paço Boda
Batting: LHB Thomas Dixon 0-0: Ball
1-0: Called Strike
1-1: Foul Ball, location: 2F
1-2: Ball
2-2: Strikes out swinging
Batting: RHB Jerry Moore 0-0: Ball
1-0: Ball
2-0: Ball
3-0: Called Strike
3-1: Called Strike
3-2: Strikes out looking
Batting: SHB Tomás Escobar 0-0: Ball
1-0: Ball
2-0: Called Strike
2-1: Foul Ball, location: 2F
2-2: DOUBLE (Line Drive, 9LM)
Batting: RHB Mançio Delmage 0-0: Fly out, F7 (Flyball, 78D)
Bottom of the 2nd over - 0 run(s), 1 hit(s), 0 error(s), 1 left on base; Kingston 2 - Butler 1
TOP OF THE 3RD
Kingston Iguanas batting - Pitching for Butler White Sox : LHP Todd Anderson
Batting: RHB Manuel Gómez 0-0: Ball
1-0: SINGLE (Line Drive, 89S)
Batting: SHB Devin Smith 0-0: Ball
1-0: Ball
2-0: Called Strike
2-1: 2-RUN HOME RUN (Flyball, 8LXD), Distance : 434 ft
Batting: LHB Dusty Wilson 0-0: Called Strike
0-1: Ground out U3 (Groundball, 3)
Batting: RHB Tommy Davenport 0-0: Ball
1-0: Swinging Strike
1-1: Foul Ball, location: 2F
1-2: Ground out 1-3 (Groundball, 15S)
Batting: RHB Bob Lee 0-0: Ball
1-0: SINGLE (Groundball, 56D)
Batting: LHB Davey Casey 0-0: Called Strike
0-1: Called Strike
0-2: Ball
1-2: Fielders Choice at 2nd, 6-4 (Groundball, 6)
Top of the 3rd over - 2 run(s), 3 hit(s), 0 error(s), 0 left on base; Kingston 4 - Butler 1
BOTTOM OF THE 3RD
Butler White Sox batting - Pitching for Kingston Iguanas : RHP Paço Boda
Batting: LHB Kyle Robbins 0-0: Ball
1-0: Ball
2-0: Called Strike
2-1: Ball
3-1: Base on Balls
Batting: LHB Josh Pérez 0-0: Called Strike
Kyle Robbins steals 2nd base
0-1: SINGLE (Line Drive, 9LS)
Kyle Robbins to third
Batting: RHB Tom Lang 0-0: Called Strike
0-1: Swinging Strike
0-2: Strikes out swinging
Batting: LHB Denny Allen 0-0: Called Strike
0-1: Called Strike
0-2: Foul Ball, location: 2F
0-2: Ball
1-2: Ball
2-2: Strikes out swinging
Batting: RHB Bobby Murdock 0-0: Called Strike
0-1: Called Strike
0-2: Ball
1-2: Foul Ball, location: 2F
1-2: Ball
2-2: Ball
3-2: Base on Balls
Josh Pérez to second
Batting: LHB Thomas Dixon 0-0: Ball
1-0: Called Strike
1-1: Foul Ball, location: 2F
1-2: Strikes out swinging
Bottom of the 3rd over - 0 run(s), 1 hit(s), 0 error(s), 3 left on base; Kingston 4 - Butler 1
TOP OF THE 4TH
Kingston Iguanas batting - Pitching for Butler White Sox : LHP Todd Anderson
Batting: LHB Gustavo Gómez 0-0: Called Strike
0-1: SINGLE (Groundball, 34D)
Batting: RHB Sergio Mata 0-0: Called Strike
0-1: Ball
1-1: Ground out 6-3 (Groundball, 6S)
Gustavo Gómez to second
Batting: SHB John Beach 0-0: Ball
1-0: Ball
2-0: Ball
3-0: Base on Balls
Batting: RHB Manuel Gómez 0-0: Ball
1-0: Ball
2-0: Ball
3-0: Called Strike
3-1: Grounds into double play, 5-4-3 (Groundball, 56)
Top of the 4th over - 0 run(s), 1 hit(s), 0 error(s), 1 left on base; Kingston 4 - Butler 1
BOTTOM OF THE 4TH
Butler White Sox batting - Pitching for Kingston Iguanas : RHP Paço Boda
Batting: RHB Jerry Moore 0-0: Foul Ball, location: 2F
0-1: Ground out 6-3 (Groundball, 56)
Batting: SHB Tomás Escobar 0-0: Swinging Strike
0-1: Foul Ball, location: 2F
0-2: Strikes out looking
Batting: RHB Mançio Delmage 0-0: Foul Ball, location: 2F
0-1: Ball
1-1: Swinging Strike
1-2: Ball
2-2: Strikes out looking
Bottom of the 4th over - 0 run(s), 0 hit(s), 0 error(s), 0 left on base; Kingston 4 - Butler 1
TOP OF THE 5TH
Kingston Iguanas batting - Pitching for Butler White Sox : LHP Todd Anderson
Batting: SHB Devin Smith 0-0: Ball
1-0: Foul Ball, location: 2F
1-1: Ball
2-1: Foul Ball, location: 2F
2-2: Ball
3-2: SOLO HOME RUN (Flyball, 78XD), Distance : 388 ft
Batting: LHB Dusty Wilson 0-0: Ball
1-0: Foul Ball, location: 2F
1-1: Ball
2-1: DOUBLE (Line Drive, 9LS)
Batting: RHB Tommy Davenport 0-0: Called Strike
0-1: SINGLE (Groundball, 56D)
Dusty Wilson to third
Batting: RHB Bob Lee 0-0: Ball
1-0: Ball
2-0: Ball
3-0: Called Strike
3-1: Fly out, F8 (Flyball, 8RS)
Batting: LHB Davey Casey 0-0: Called Strike
0-1: Ball
1-1: Ball
2-1: Ball
3-1: Grounds into double play, 4-6-3 (Groundball, 4)
Top of the 5th over - 1 run(s), 3 hit(s), 0 error(s), 1 left on base; Kingston 5 - Butler 1
BOTTOM OF THE 5TH
Butler White Sox batting - Pitching for Kingston Iguanas : RHP Paço Boda
Batting: LHB Kyle Robbins 0-0: Ball
1-0: Called Strike
1-1: Ball
2-1: Swinging Strike
2-2: Foul Ball, location: 2F
2-2: Strikes out swinging
Batting: LHB Josh Pérez 0-0: Called Strike
0-1: Ball
1-1: Ball
2-1: Foul Ball, location: 2F
2-2: Strikes out swinging
Batting: RHB Tom Lang 0-0: SINGLE (Groundball, 4MD)
Batting: LHB Denny Allen 0-0: Called Strike
0-1: Swinging Strike
0-2: Strikes out swinging
Bottom of the 5th over - 0 run(s), 1 hit(s), 0 error(s), 1 left on base; Kingston 5 - Butler 1
TOP OF THE 6TH
Kingston Iguanas batting - Pitching for Butler White Sox : LHP Todd Anderson
Batting: LHB Gustavo Gómez 0-0: Foul Ball, location: 2F
0-1: Called Strike
0-2: Ball
1-2: Foul Ball, location: 2F
1-2: Ball
2-2: Foul Ball, location: 2F
2-2: Ball
3-2: Base on Balls
Pitching: RHP Jorge Barrón
Batting: RHB Sergio Mata 0-0: Ball
1-0: Ball
2-0: Swinging Strike
2-1: Foul Ball, location: 2F
2-2: Foul Ball, location: 2F
2-2: Strikes out swinging
Batting: SHB John Beach 0-0: Called Strike
0-1: Ball
1-1: Ball
2-1: DOUBLE (Groundball, 3L)
Gustavo Gómez to third
Batting: RHB Manuel Gómez 0-0: Ball
1-0: Ball
2-0: Ground out 3-1 (Groundball, 34)
Gustavo Gómez scores
John Beach to third
Batting: SHB Devin Smith 0-0: Called Strike
0-1: Called Strike
0-2: Ball
1-2: Ball
2-2: Ball
3-2: Base on Balls
Batting: LHB Dusty Wilson 0-0: Foul Ball, location: 2F
0-1: Ball
1-1: Ball
2-1: Foul Ball, location: 2F
2-2: Strikes out swinging
Top of the 6th over - 1 run(s), 1 hit(s), 0 error(s), 2 left on base; Kingston 6 - Butler 1
BOTTOM OF THE 6TH
Butler White Sox batting - Pitching for Kingston Iguanas : RHP Paço Boda
Batting: RHB Bobby Murdock 0-0: Ball
1-0: Ball
2-0: Ball
3-0: Called Strike
3-1: Fly out, F9 (Flyball, 89M)
Batting: LHB Thomas Dixon 0-0: Called Strike
0-1: Foul Ball, location: 2F
0-2: Ball
1-2: Ball
2-2: Ball
3-2: Foul Ball, location: 2F
3-2: Base on Balls
Pitching: RHP Ron Jenkins
Batting: RHB Jerry Moore 0-0: Called Strike
0-1: Called Strike
0-2: Strikes out swinging
Batting: SHB Tomás Escobar 0-0: Called Strike
0-1: Ball
1-1: Ball
2-1: Ball
3-1: Base on Balls
Thomas Dixon to second
Batting: RHB Mançio Delmage 0-0: Ball
1-0: Foul Ball, location: 2F
1-1: SINGLE (Groundball, 4MD)
Thomas Dixon to third
Tomás Escobar to second
Runner from 3rd tries for Home, SAFE, no throw
Batting: LHB Kyle Robbins 0-0: Swinging Strike
0-1: Ball
1-1: Fly out, F9 (Flyball, 89S)
Bottom of the 6th over - 1 run(s), 1 hit(s), 0 error(s), 2 left on base; Kingston 6 - Butler 2
TOP OF THE 7TH
Kingston Iguanas batting - Pitching for Butler White Sox : RHP Jorge Barrón
Batting: RHB Tommy Davenport 0-0: Ball
1-0: Called Strike
1-1: Foul Ball, location: 2F
1-2: Ball
2-2: Ball
3-2: Foul Ball, location: 2F
3-2: Ground out 1-3 (Groundball, 13S)
Batting: RHB Bob Lee 0-0: Ball
1-0: Ball
2-0: Ball
3-0: Base on Balls
Batting: LHB Davey Casey 0-0: Ball
1-0: Ball
Bob Lee steals 2nd base
2-0: Foul Ball, location: 2F
2-1: Ball
3-1: Ground out 3-1 (Groundball, 34)
Bob Lee to third
Batting: LHB Gustavo Gómez 0-0: Ball
1-0: Called Strike
1-1: Ball
2-1: Ball
3-1: Called Strike
3-2: Base on Balls
Batting: RHB Sergio Mata 0-0: Ball
1-0: DOUBLE (Line Drive, 9LS)
Bob Lee scores
Gustavo Gómez to third
Pitching: RHP Bartho Manshert
Batting: SHB John Beach 0-0: Ball
1-0: Swinging Strike
1-1: Ball
2-1: Ball
3-1: Base on Balls
Batting: RHB Manuel Gómez 0-0: Fielders Choice at 2nd, 6-4 (Groundball, 6)
Top of the 7th over - 1 run(s), 1 hit(s), 0 error(s), 2 left on base; Kingston 7 - Butler 2
BOTTOM OF THE 7TH
Butler White Sox batting - Pitching for Kingston Iguanas : RHP Ron Jenkins
Batting: LHB Josh Pérez 0-0: Swinging Strike
0-1: Called Strike
0-2: Ball
1-2: Strikes out looking
Batting: RHB Tom Lang 0-0: Called Strike
0-1: Called Strike
0-2: Strikes out swinging
Batting: LHB Denny Allen 0-0: Called Strike
0-1: Swinging Strike
0-2: Ball
1-2: Ball
2-2: Strikes out swinging
Bottom of the 7th over - 0 run(s), 0 hit(s), 0 error(s), 0 left on base; Kingston 7 - Butler 2
TOP OF THE 8TH
Kingston Iguanas batting - Pitching for Butler White Sox : RHP Bartho Manshert
Batting: SHB Devin Smith 0-0: Ball
1-0: Ball
2-0: SINGLE (Line Drive, 4)
Batting: LHB Dusty Wilson 0-0: Ball
1-0: Foul Ball, location: 2F
1-1: Ball
2-1: Ball
3-1: Base on Balls
Devin Smith to second
Batting: RHB Tommy Davenport 0-0: Called Strike
0-1: Fly out, F4 (Popup, 3D)
Batting: RHB Bob Lee 0-0: Ball
1-0: Grounds into double play, 6-4-3 (Groundball, 6)
Top of the 8th over - 0 run(s), 1 hit(s), 0 error(s), 1 left on base; Kingston 7 - Butler 2
BOTTOM OF THE 8TH
Butler White Sox batting - Pitching for Kingston Iguanas : RHP Ron Jenkins
Batting: RHB Bobby Murdock 0-0: Ball
1-0: Called Strike
1-1: Ground out 4-3 (Groundball, 4)
Batting: LHB Thomas Dixon 0-0: Ball
1-0: SINGLE (Line Drive, 4MD)
Batting: RHB Jerry Moore 0-0: Ball
Wild Pitch!
Thomas Dixon to second
1-0: Foul Ball, location: 2F
1-1: Called Strike
1-2: Ball
2-2: Ball
3-2: Fly out, F8 (Flyball, 8LM)
Batting: SHB Tomás Escobar 0-0: Ball
1-0: Fly out, F3 (Line Drive, 34)
Bottom of the 8th over - 0 run(s), 1 hit(s), 0 error(s), 1 left on base; Kingston 7 - Butler 2
TOP OF THE 9TH
Kingston Iguanas batting - Pitching for Butler White Sox : RHP Bartho Manshert
Batting: LHB Davey Casey 0-0: Ball
1-0: Foul Ball, location: 2F
1-1: Ball
2-1: SINGLE (Groundball, 15S) (infield hit)
Batting: LHB Gustavo Gómez 0-0: Foul Ball, location: 2F
0-1: SINGLE (Groundball, 6MD)
Davey Casey to second
Batting: RHB Sergio Mata 0-0: Ball
1-0: Bunt missed!
1-1: Ball
2-1: Sac Bunt - play at first, batter OUT! 1-4
Davey Casey to third
Gustavo Gómez to second
Batting: SHB John Beach 0-0: 3-RUN HOME RUN (Flyball, 89XD), Distance : 418 ft
Batting: RHB Manuel Gómez 0-0: Ball
1-0: Ground out 1-3 (Groundball, 15S)
Batting: SHB Devin Smith 0-0: Ball
1-0: Foul Ball, location: 2F
1-1: Ball
2-1: Ball
3-1: Swinging Strike
3-2: Base on Balls
Batting: LHB Dusty Wilson 0-0: Ball
1-0: Ball
2-0: Called Strike
2-1: Swinging Strike
2-2: Ball
3-2: SINGLE (Groundball, 4D)
Devin Smith to second
Devin Smith to third
Batting: RHB Tommy Davenport 0-0: Ball
1-0: Called Strike
1-1: Ball
2-1: Ball
3-1: Called Strike
3-2: Foul Ball, location: 2F
3-2: Foul Ball, location: 2F
3-2: 3-RUN HOME RUN (Flyball, 8LXD), Distance : 422 ft
Batting: RHB Bob Lee 0-0: Called Strike
0-1: Ground out 4-3 (Groundball, 4)
Top of the 9th over - 6 run(s), 5 hit(s), 0 error(s), 0 left on base; Kingston 13 - Butler 2
BOTTOM OF THE 9TH
Butler White Sox batting - Pitching for Kingston Iguanas : RHP Ron Jenkins
Batting: RHB Mançio Delmage 0-0: Ball
1-0: SINGLE (Flyball, 78S)
Batting: LHB Kyle Robbins 0-0: Ball
1-0: Ball
2-0: Ball
3-0: Base on Balls
Mançio Delmage to second
Batting: LHB Josh Pérez 0-0: Ball
1-0: Swinging Strike
1-1: Foul Ball, location: 2F
1-2: Ball
2-2: Ball
3-2: Fly out, F7 (Line Drive, 7)
Pitching: LHP Dong-young Kang
Batting: RHB Tom Lang 0-0: Swinging Strike
0-1: Ball
1-1: Foul Ball, location: 2F
1-2: Strikes out swinging
Batting: LHB Denny Allen 0-0: Ball
1-0: Foul Ball, location: 2F
1-1: Ground out 1-3 (Groundball, 15S)
Bottom of the 9th over - 0 run(s), 1 hit(s), 0 error(s), 2 left on base; Kingston 13 - Butler 2
Tuesday, August 8th, 2017 - OOTP Baseball 17.12 Build 75